 Dungeon Crawl Stone Soup version 0.19-a0-593-gf2cdb02 (webtiles) character file.

8197 tyrsky the Cleaver (level 11, -1/97 HPs)
             Began as a Minotaur Fighter on June 10, 2016.
             Was a High Priest of Okawaru.
             Slain by an ice beast (4 damage)
             ... on level 2 of the Lair of Beasts.
             The game lasted 00:18:26 (9257 turns).

tyrsky the Cleaver (Minotaur Fighter)               Turns: 9257, Time: 00:18:27

Health: -1/97      AC: 15    Str: 26    XL:     11   Next: 6%
Magic:  10/10      EV: 11    Int: 11    God:    Okawaru [*****.]
Gold:   534        SH: 13    Dex: 13    Spells: 0 memorised, 10 levels left

rFire  . . .     SeeInvis .     E - +7 mace of the Hierophant {flame, Str+3 Int+4 Dex+4 Stlth-}
rCold  + . .     Gourm    .     I - +2 chain mail {rC+}
rNeg   . . .     Faith    .     c - +1 shield
rPois  .         Spirit   .     (helmet restricted)
rElec  .         Dismiss  .     C - +0 cloak
rCorr  .         Reflect  .     (no gloves)
SustAt .         Harm     .     (no boots)
MR     ++...     Clarity  +     (no amulet)
Stlth  ..........               v - ring of protection from magic
                                B - ring of wizardry

@: very resistant to hostile enchantments, extremely unstealthy
A: retaliatory headbutt, horns 2, molten scales 1, blurry vision 1, clarity,
clever 1, magic resistance 1, sense surroundings 1, weak 1
a: Heroism, Finesse, Renounce Religion


You were on level 2 of the Lair of Beasts.
You worshipped Okawaru.
Okawaru was extremely pleased with you.
You were not hungry.

You visited 3 branches of the dungeon, and saw 12 of its levels.
You also visited: Ice Cave.

You collected 534 gold pieces.

Inventory:

Hand Weapons
 a - a +0 war axe
 z - a +2 broad axe of chopping
 E - the +7 mace of the Hierophant (weapon) {flame, Str+3 Int+4 Dex+4 Stlth-}
   (You found it on level 9 of the Dungeon)

   It has been specially enchanted to burn those struck by it, causing extra
   injury to most foes and up to half again as much damage against particularly
   susceptible opponents.
   It affects your strength (+3).
   It affects your intelligence (+4).
   It affects your dexterity (+4).
   It makes you less stealthy.
Missiles
 s - 4 poisoned javelins (quivered)
Armour
 b - a +0 scale mail
 c - a +1 shield (worn)
 i - a +1 ring mail of cold resistance
 C - a +0 cloak (worn)
 D - a +0 plate armour
 I - a +2 chain mail of cold resistance (worn)
Rods
 u - a +1 rod of inaccuracy (11/11)
   (You found it on level 3 of the Dungeon)
Jewellery
 o - a +4 ring of intelligence
 v - a ring of protection from magic (right hand)
 y - an uncursed ring of teleportation
 B - a ring of wizardry (left hand)
Wands
 d - a wand of digging (12/24)
 w - a wand of random effects (6/48)
 G - a wand of acid (6/15)
 H - a wand of disintegration (8/24)
 J - a wand of slowing (20/48)
 K - a wand of iceblast (3/15)
 L - a wand of polymorph (13/24)
 M - a wand of paralysis (20/24)
Scrolls
 e - 2 scrolls of enchant armour
 g - 3 scrolls of magic mapping
 l - 5 scrolls of remove curse
 m - 6 scrolls of amnesia
 n - 3 scrolls of fog
 q - 8 scrolls of identify {@*1}
 A - a scroll of fear
Potions
 j - 2 potions of brilliance
 k - 2 potions of flight
 p - 2 potions of degeneration
 t - 2 potions of resistance
 F - 2 potions of curing
Books
 N - an Akashic Record

   Spells                             Type                      Level
   a - Dispersal                      Translocation                6
   b - Malign Gateway                 Summoning/Translocation      7
   c - Disjunction                    Translocation                8
   d - Controlled Blink               Translocation                8
Comestibles
 f - 3 bread rations
 h - 10 fruits
 r - 7 meat rations
 x - 3 beef jerkies


   Skills:
 + Level 9.6 Fighting
 - Level 10.1(10.8) Axes
 * Level 6.3(9.1) Maces & Flails
 + Level 9.1 Armour
 + Level 7.4 Dodging
 + Level 9.1 Shields


You had 10 spell levels left.
You didn't know any spells.

Dungeon Overview and Level Annotations

Branches:
Dungeon (9/15)             Temple (1/1) D:6            Lair (2/6) D:9
 Shoals (0/4) Lair:2          Orc (0/2) D:9
  Snake: Lair:2-4    Spider: Lair:2-4

Altars:
Ashenzari
Cheibriados
Dithmenos
Elyvilon
Fedhas
Kikubaaqudgha
Nemelex Xobeh
Okawaru
Pakellas
Ru
Sif Muna
Trog
Uskayaw
Yredelemnul
Zin


Innate Abilities, Weirdness & Mutations

You reflexively headbutt those who attack you in melee.
You have a pair of horns on your head.
You are partially covered in molten scales. (AC +1)
Scrolls take you a little longer to read.
You possess an exceptional clarity of mind.
Your mind is acute. (Int +2)
You are resistant to hostile enchantments. (MR+)
You passively map a small area around you.
You are weak. (Str -2)


Message History

You hit p0werm0de's ghost but do no damage.
You headbutt p0werm0de's ghost, but do no damage.
P0werm0de's ghost hits you.
You barely miss p0werm0de's ghost.
You headbutt p0werm0de's ghost, but do no damage.
You block p0werm0de's ghost's attack.
You miss p0werm0de's ghost. Your headbutt misses p0werm0de's ghost.
P0werm0de's ghost hits you!!
* * * LOW HITPOINT WARNING * * *
x2
There is an ice covered gate leading back out of this place here.
P0werm0de's ghost hits you!
* * * LOW HITPOINT WARNING * * *
x2 Welcome back to the Lair of Beasts! x2; The ice beast hits you.
* * * LOW HITPOINT WARNING * * *
The ice beast freezes you. You resist.
* * * LOW HITPOINT WARNING * * *
The ice beast hits you.
* * * LOW HITPOINT WARNING * * *
The ice beast freezes you. You resist.
You die...

*,,,*,,,,,,,*,,,,,,,,,***
*,,,##,.....,*,,,,,,,,***
**,,#......,##..***,,,*,,
#.,*..l...,#...##*,,,(.,
#..,#.#.P###....#*,P..#.
#..##.#..#.##....###..#.
#...............#.##P.#.
*#.....Y.Y.......>.......
*....<.YHD...............
*#.<....YY.Y.............
#...!......$............
*#.......Yr..............
*P...#.###.##............
*#....###.###....##..#...
#...##.rY.##Y.%.#######.
#.........##..Y.P#****##
#..l##....Y+....###,,* #


You could see a four-headed hydra, a basilisk, 6 ice beasts, a porcupine and a
sheep.

Vanquished Creatures
  4 spiny frogs
  A komodo dragon (Lair:1)
  A yak (D:7)
  A human (D:7)
  A basilisk (Lair:1)
  A hungry ghost (D:9)
  2 hippogriffs (Lair:1)
  A porcupine (Lair:1)
  3 orc warriors
  6 water moccasins
  2 ice beasts (D:7)
  4 sky beasts
  4 ogres
  A necrophage (D:7)
  A black bear (D:9)
  An eye of draining (D:9)
  A phantom (D:8)
  6 wolves (Lair:1)
  2 centaurs
  2 crocodiles (Lair:1)
  6 giant frogs
  A gnoll sergeant (D:9)
  A water moccasin zombie (D:7)
  6 killer bees (D:8)
  3 wights (D:7)
  An electric eel (D:7)
  2 jellies (D:7)
  4 howler monkeys
  4 crimson imps
  4 hounds
  A quasit (D:5)
  5 orc priests
  8 orc wizards
  Jessica (D:9)
  A centaur skeleton (D:4)
  3 iguanas
  10 worker ants
  2 killer bee zombies
  3 sheep (D:7)
  10 gnolls
  6 adders
  34 river rats
  A shadow imp (D:7)
  An adder skeleton (D:7)
  2 adder zombies
  A worm (D:2)
  5 dart slugs
  8 giant geckos
  58 orcs
  2 ball pythons
  3 giant cockroaches
  6 hobgoblins
  10 jackals
  A quokka (D:6)
  4 bats
  A giant gecko zombie (D:7)
  2 giant newts (D:1)
  4 goblins
  4 kobolds
  7 rats
281 creatures vanquished.

Vanquished Creatures (others)
  A scorpion (D:6)
  2 adders (D:6)
  An orc (D:6)
4 creatures vanquished.

Grand Total: 285 creatures vanquished

Notes
Turn   | Place    | Note
--------------------------------------------------------------
     0 | D:1      | tyrsky the Minotaur Fighter began the quest for the Orb.
     0 | D:1      | Reached XP level 1. HP: 19/19 MP: 0/0
   312 | D:1      | Reached XP level 2. HP: 26/26 MP: 1/1
   668 | D:2      | Reached skill level 3 in Axes
   670 | D:2      | Reached XP level 3. HP: 22/33 MP: 2/2
   713 | D:2      | Reached skill level 1 in Dodging
  1011 | D:2      | Reached XP level 4. HP: 36/40 MP: 3/3
  1482 | D:3      | Reached skill level 4 in Axes
  1678 | D:3      | Reached XP level 5. HP: 6/46 MP: 4/4
  2324 | D:4      | Reached XP level 6. HP: 44/53 MP: 5/5
  2338 | D:4      | Reached skill level 5 in Axes
  2605 | D:4      | Noticed a sky beast
  2615 | D:4      | Killed a sky beast
  2615 | D:4      | Reached skill level 5 in Armour
  2619 | D:4      | Gained mutation: Your mind is acute. (Int +2) [mutagenic meat]
  2620 | D:4      | Gained mutation: You are weak. (Str -2) [mutagenic meat]
  2787 | D:4      | Reached skill level 5 in Fighting
  2787 | D:4      | Reached skill level 5 in Shields
  2946 | D:4      | Reached XP level 7. HP: 42/61 MP: 6/6
  3483 | D:5      | Entered Level 5 of the Dungeon
  3524 | D:5      | Reached skill level 6 in Axes
  3782 | D:5      | Reached XP level 8. HP: 34/70 MP: 7/7
  3786 | D:5      | Gained mutation: You passively map a small area around you. [mutagenic meat]
  3787 | D:5      | Gained mutation: Scrolls take you a little longer to read. [mutagenic meat]
  3788 | D:5      | Gained mutation: You are resistant to hostile enchantments. (MR+) [mutagenic meat]
  3790 | D:5      | Gained mutation: You possess an exceptional clarity of mind. [mutagenic meat]
  4238 | D:6      | Found a glowing silver altar of Zin.
  4294 | D:6      | Reached skill level 7 in Axes
  4368 | D:6      | Found a hide-covered altar of Uskayaw.
  4416 | D:6      | Found a blossoming altar of Fedhas.
  4435 | D:6      | Identified a scroll of acquirement
  4875 | D:6      | Found a staircase to the Ecumenical Temple.
  4884 | Temple   | Entered the Ecumenical Temple
  4892 | Temple   | Became a worshipper of Warmaster Okawaru
  4985 | D:6      | Found a blossoming altar of Fedhas.
  5058 | D:6      | Reached skill level 8 in Axes
  5133 | D:6      | Found a shadowy altar of Dithmenos.
  5139 | D:6      | Found a shattered altar of Ashenzari.
  5140 | D:6      | Found a white marble altar of Elyvilon.
  5142 | D:6      | Found a bloodstained altar of Trog.
  5143 | D:6      | Found a snail-covered altar of Cheibriados.
  5144 | D:6      | Found an ancient bone altar of Kikubaaqudgha.
  5231 | D:7      | Reached skill level 5 in Dodging
  5243 | D:7      | Gained mutation: You are partially covered in molten scales. (AC +1) [mutagenic meat]
  5274 | D:7      | Found a basalt altar of Yredelemnul.
  5303 | D:7      | Reached XP level 9. HP: 78/78 MP: 8/8
  5349 | D:7      | Reached * piety under Okawaru
  5591 | D:7      | Reached skill level 9 in Axes
  5852 | D:7      | Reached ** piety under Okawaru
  6214 | D:7      | You fall through a shaft!
  7209 | D:9      | Noticed Jessica
  7216 | D:9      | Found a deep blue altar of Sif Muna.
  7238 | D:9      | Killed Jessica
  7262 | D:9      | Reached skill level 10 in Axes
  7283 | D:9      | Reached XP level 10. HP: 51/90 MP: 0/9
  7391 | D:9      | Got a brightly glowing mace
  7392 | D:9      | Identified the +7 mace of the Hierophant {flame, Str+3 Int+4 Dex+4 Stlth-} (You found it on level 9 of the Dungeon)
  7424 | D:9      | Reached *** piety under Okawaru
  7459 | D:9      | Reached skill level 1 in Maces & Flails
  7622 | D:9      | Found a staircase to the Orcish Mines.
  7780 | D:9      | Found a staircase to the Lair.
  7842 | Lair:1   | Entered Level 1 of the Lair of Beasts
  7981 | Lair:1   | Noticed a spiny frog
  7987 | Lair:1   | Killed a spiny frog
  8047 | Lair:1   | Reached **** piety under Okawaru
  8192 | Lair:1   | Found a bloodstained altar of Trog.
  8248 | Lair:1   | Received a gift from Okawaru
  8326 | Lair:1   | Reached skill level 5 in Maces & Flails
  8857 | Lair:2   | Noticed a spiny frog
  8869 | Lair:2   | Killed a spiny frog
  8997 | Lair:2   | Noticed a spiny frog
  8998 | Lair:2   | Noticed a spiny frog
  9006 | Lair:2   | Killed a spiny frog
  9006 | Lair:2   | Reached XP level 11. HP: 65/97 MP: 10/10
  9012 | Lair:2   | Reached ***** piety under Okawaru
  9222 | Lair:2   | Noticed a four-headed hydra
  9225 | Lair:2   | Found a frozen archway.
  9244 | IceCv    | Entered an ice cave
  9244 | IceCv    | Noticed p0werm0de's ghost (adept HuCK)
  9257 | Lair:2   | HP: 3/97 [ice beast (2)]
  9257 | Lair:2   | Slain by an ice beast

Vault maps used:
D:1:      minmay_arrival_widening_spiral_wide, grunt_decor_one_mirror,
          grunt_decor_fettered, corexii_corridor_pit, moated_statue
D:4:      first_bread, glass_columns_b
D:6:      minitemple, grunt_temple_overflow_open, lemuel_temple_firewalk,
          basic_altar
D:7:      yredelemnul_altar_generic, serial_bayou, serial_bayou_pond_b,
          serial_bayou_pond_a, serial_bayou_pond_c, serial_bayou_lagoon_a,
          grunt_livestock, st_stairs_11, roderic_lattice_a, bh_walls_and_bars
D:9:      lair_0_dummy, hiddenorc2_lemuel, tgw_sif
Temple:   triangle_lava_temple_12
Lair:1:   basic_altar, lemuel_fruit_fields
Lair:2:   shoals_dummy_entry, portal_ice_cave_entry_ice_beasts
IceCv:    ice_cave_caverns_01

Skill      XL: |  1  2  3  4  5  6  7  8  9 10 |
---------------+-------------------------------+-----
Armour         | 4 5 6 8 9 |  9.1
Axes           | 3 4 5 6 8 10 | 10.1
Dodging        | 1 2 3 4 5 6 7 |  7.4
Shields        | 4 5 6 7 9 |  9.1
Fighting       | 4 5 6 8 9 |  9.6
Maces & Flails | 6 |  6.3

Action                   |  1- 3 |  4- 6 |  7- 9 | 10-12 || total
-------------------------+-------+-------+-------+-------++-------
Melee: War axe           |    89 |   134 |   137 |       ||   360
       Headbutt          |     9 |    13 |    58 |    52 ||   132
       Broad axe         |       |       |   188 |    20 ||   208
       Mace              |       |       |       |   235 ||   235
Throw: Javelin           |       |       |       |    28 ||    28
Invok: Heroism           |       |       |     1 |     2 ||     3
  Use: Scroll            |     7 |     5 |     5 |     1 ||    18
       Potion            |       |     1 |     5 |       ||     6
 Stab: Invisible         |       |       |     2 |       ||     2
  Eat: Chunk             |       |     9 |    20 |     5 ||    34
       Pizza             |       |       |     1 |       ||     1
       Meat ration       |       |       |       |     1 ||     1
Armor: Scale mail        |    32 |    46 |    36 |       ||   114
       Ring mail         |       |       |    44 |       ||    44
       Plate armour      |       |       |    50 |    29 ||    79
       Chain mail        |       |       |       |    41 ||    41
Dodge: Dodged            |    26 |    31 |   103 |    77 ||   237
Block: Shield            |    51 |    67 |   174 |   165 ||   457
